 Dungeon Crawl Stone Soup version 0.17-a0-1863-g715b4b0 (webtiles) character file.

2300 Stormsson the Basher (level 9, -1/82 HPs)
             Began as a Minotaur Berserker on Sept 20, 2015.
             Was an Elder of Trog.
             Slain by a killer bee (6 damage)
             ... on level 7 of the Dungeon.
             The game lasted 00:19:46 (5911 turns).

Stormsson the Basher (Minotaur Berserker)           Turns: 5911, Time: 00:19:47

Health: -1/82      AC: 12    Str: 24    XL:     9   Next: 17%
Magic:  8/8        EV: 10    Int:  4    God:    Trog [****..]
Gold:   367        SH:  3    Dex: 11    Spells: 0 memorised, 8 levels left

rFire  . . .     SeeInvis .     A - +0 flail (venom)
rCold  . . .     Clarity  .     d - +2 scale mail
rNeg   + . .     SustAt   .     q - +0 buckler
rPois  .         Gourm    .     (helmet restricted)
rElec  .         Spirit   .     m - +0 cloak
rCorr  .         Warding  +     w - +0 pair of gloves
rMut   .         Stasis   .     (no boots)
MR     .....                    t - amulet of warding
Stlth  ..........               (no ring)
                                (no ring)

@: hasted, very quick, not resistant to hostile enchantments, extremely
unstealthy
A: retaliatory headbutt, horns 2
a: Burn Spellbooks, Berserk, Trog's Hand, Brothers in Arms, Renounce Religion


You were on level 7 of the Dungeon.
You worshipped Trog.
Trog was greatly pleased with you.
You were very hungry.

You visited 1 branch of the dungeon, and saw 7 of its levels.

You collected 367 gold pieces.

Inventory:

Hand weapons
 a - a +1 mace
 e - a +0 hunting sling
 A - a +0 flail of venom (weapon)
Missiles
 k - 254 stones (quivered)
Armour
 d - a +2 scale mail (worn)
 m - a +0 cloak (worn)
 q - a +0 buckler (worn)
 w - a +0 pair of gloves (worn)
Jewellery
 t - an amulet of warding (around neck)
 x - an uncursed ring of poison resistance
 y - an uncursed ring of magical power
Magical devices
 h - a wand of disintegration (13)
Scrolls
 l - 5 scrolls of identify
 o - a scroll of teleportation
 u - a scroll of random uselessness {unknown}
 B - a scroll of blinking {unknown}
Potions
 g - a potion of degeneration {unknown}
 i - a potion of brilliance
 p - 3 potions of curing
 z - 2 potions of agility
Books
 r - a book of the Sky

   Spells                             Type                      Level
   a - Summon Lightning Spire         Summoning/Air                4
   b - Airstrike                      Air                          4
   c - Silence                        Hexes/Air                    5
   d - Deflect Missiles               Charms/Air                   6
   e - Conjure Ball Lightning         Conjuration/Air              6
   f - Tornado                        Air                          9
   Trog disapproves of the use of such an item.
 C - a Grand Grimoire

   Spells                             Type                      Level
   a - Monstrous Menagerie            Summoning                    6
   b - Summon Greater Demon           Summoning                    7
   c - Malign Gateway                 Summoning/Translocation      7
   d - Summon Horrible Things         Summoning                    8
   Trog disapproves of the use of such an item.
Comestibles
 c - 6 bread rations
 j - a beef jerky
 n - a royal jelly
 s - 6 fruits
 v - a meat ration


   Skills:
 - Level 8.5 Fighting
 + Level 10.0 Maces & Flails
 + Level 5.0 Slings
 + Level 6.4 Armour
 - Level 2.3 Dodging


You had 8 spell levels left.
You didn't know any spells.

Dungeon Overview and Level Annotations

Branches:
Dungeon (7/15)             Temple (0/1) D:4

Altars:
Trog
Zin


Innate Abilities, Weirdness & Mutations

You reflexively headbutt those who attack you in melee.
You have a pair of horns on your head.


Message History

* * * LOW HITPOINT WARNING * * *
The killer bee stings you.
* * * LOW HITPOINT WARNING * * *
The giant cockroach barely misses you.
Drink which item? (? for menu, Esc to quit)
You feel better.
You kill the killer bee!
Trog accepts your kill. The killer bee barely misses you.
You furiously retaliate!
You headbutt the killer bee. The killer bee barely misses you.
The giant cockroach bites you but does no damage.
The killer bee closely misses you. The killer bee stings you.
* * * LOW HITPOINT WARNING * * *
The killer bee stings you but does no damage.
The giant cockroach bites you but does no damage.
Drink which item? (? for menu, Esc to quit)
You feel yourself speed up. You block the killer bee's attack.
The killer bee stings you.
You die...

#..............#
#.............#
#...<.†.......#
##............#
#.....†......#
##..........#
##........##
###...sy.#
####.@.# ##..#
#..# #..# #..# #
#..# ..## #..#
...# #..# #..###
#..##


You could see a killer bee and a giant cockroach.

Vanquished Creatures
  The ghost of Goblin1989 the Slicer, an experienced KoAs of Dithmenos (D:5)
  Prince Ribbit (D:6)
  An ice beast (D:6)
  A black bear (D:7)
  A phantom (D:5)
  3 ogres
  A giant frog (D:6)
  A scorpion (D:7)
  4 killer bees (D:7)
  5 crimson imps
  A giant frog zombie (D:5)
  4 orc wizards (D:6)
  An iguana (D:6)
  4 jellies
  3 giant frog skeletons
  A hound (D:6)
  An orc priest (D:6)
  A centaur skeleton (D:4)
  6 worker ants
  A hound zombie (D:7)
  7 gnolls
  6 adders
  An ooze (D:1)
  3 adder zombies
  2 adder skeletons
  2 worms (D:5)
  4 giant geckos
  14 orcs
  11 bats
  7 giant cockroaches
  8 goblins
  4 hobgoblins
  10 jackals
  10 kobolds
  7 quokkas
  A giant gecko skeleton (D:4)
  9 giant newts
  A jackal skeleton (D:5)
  A quokka zombie (D:5)
  3 rats (D:1)
153 creatures vanquished.

Notes
Turn   | Place    | Note
--------------------------------------------------------------
     0 | D:1      | Stormsson the Minotaur Berserker began the quest for the Orb.
     0 | D:1      | Reached XP level 1. HP: 19/19 MP: 0/0
   294 | D:1      | Reached XP level 2. HP: 21/27 MP: 1/1
   308 | D:1      | Reached skill level 4 in Fighting
  1120 | D:2      | Reached XP level 3. HP: 31/34 MP: 2/2
  1142 | D:2      | Acquired Trog's second power
  1223 | D:2      | Reached skill level 5 in Fighting
  1258 | D:2      | Reached XP level 4. HP: 23/42 MP: 3/3
  1612 | D:2      | Found a faded altar to an unknown god.
  1923 | D:3      | Reached skill level 5 in Maces & Flails
  2376 | D:4      | Found a staircase to the Ecumenical Temple.
  2402 | D:4      | Found a bloodstained altar of Trog.
  2458 | D:4      | Reached XP level 5. HP: 39/49 MP: 4/4
  2773 | D:4      | Reached skill level 6 in Fighting
  3420 | D:5      | Entered Level 5 of the Dungeon
  3422 | D:5      | Noticed Goblin1989's ghost (experienced KoAs)
  3438 | D:5      | Killed Goblin1989's ghost
  3438 | D:5      | Reached skill level 7 in Fighting
  3438 | D:5      | Reached XP level 6. HP: 60/60 MP: 5/5
  3647 | D:5      | Reached XP level 7. HP: 59/66 MP: 6/6
  3740 | D:5      | Noticed an ogre
  3749 | D:5      | Killed an ogre
  3990 | D:5      | Noticed a phantom
  4005 | D:5      | Killed a phantom
  4005 | D:5      | Reached skill level 8 in Fighting
  4562 | D:6      | Reached skill level 1 in Slings
  4571 | D:6      | Reached XP level 8. HP: 32/75 MP: 7/7
  4743 | D:6      | Acquired Trog's third power
  4782 | D:6      | Found a glowing silver altar of Zin.
  4782 | D:6      | Noticed Prince Ribbit
  4793 | D:6      | Killed Prince Ribbit
  4847 | D:6      | Reached skill level 9 in Maces & Flails
  5032 | D:6      | Reached skill level 5 in Armour
  5860 | D:7      | Reached XP level 9. HP: 82/82 MP: 8/8
  5902 | D:7      | Reached skill level 10 in Maces & Flails
  5902 | D:7      | Reached skill level 5 in Slings
  5906 | D:7      | HP: 2/82 [killer bee (5)]
  5911 | D:7      | Slain by a killer bee

Vault maps used:
D:1:      minmay_arrival_widening_spiral_wide, item_on_display_b
D:2:      ecumenical_altar_1
D:4:      minmay_temple_entry_fiery, trog_hazing_becter
D:5:      minmay_opposing_rooms, first_bread
D:6:      lemuel_doored_altar, minmay_misc_feat_pillars, uniq_prince_ribbit1
D:7:      kennysheep_mini_moat, lemuel_crystal_altar, makhleb_altar_promises_db,
          the_bakery

Action                   |  1- 3 |  4- 6 |  7- 9 || total
-------------------------+-------+-------+-------++-------
Melee: Mace              |    56 |   106 |    87 ||   249
       Spear             |     6 |    35 |       ||    41
       Flail             |       |       |   122 ||   122
 Fire: Hunting sling     |       |     3 |     4 ||     7
Invok: Berserk           |     1 |     2 |       ||     3
  Use: Scroll            |     1 |     9 |     2 ||    12
       Potion            |     1 |     5 |     4 ||    10
  Eat: Chunk             |     2 |     5 |     4 ||    11
       Pizza             |       |     1 |       ||     1
       Fruit             |       |     1 |       ||     1
       Meat ration       |       |     1 |       ||     1
